 Dungeon Crawl Stone Soup version 0.31-a0-150-g89dc3ad700 (webtiles) character file.

Game seed: 10268841582646938056

1823 KristoblXynda the Nimble (level 8, 0/44 HPs)
             Began as a Spriggan Berserker on June 8, 2023.
             Was a Priest of Trog.
             Slain by an orc knight
             ... wielding a +0 trident
              (13 damage)
             ... in a bailey.
             The game lasted 00:11:02 (7005 turns).

KristoblXynda the Nimble (Spriggan Berserker)       Turns: 7005, Time: 00:11:03

Health: 0/44       AC:  2    Str: 15    XL:     8   Next: 85%
Magic:  9/9        EV: 27    Int:  8    God:    Trog [***...]
Gold:   460        SH:  0    Dex: 15    Spells: 7/7 levels left

rFire   + . .        f - +0 dagger
rCold   + . .        (no shield)
rNeg    . . .        b - +0 animal skin
rPois   +            (helmet restricted)
rElec   .            a - scarf {rC+ rF+}
rCorr   .            (gloves unavailable)
SInv    +            (boots unavailable)
Will    +....        (no amulet)
Stlth   +            w - ring of poison resistance
HPRegen 0.27/turn    n - +5 ring of evasion
MPRegen 0.11/turn

%: no passive effects
@: on berserk cooldown, slowed, studying Ranged Weapons, quick
A: very small, no large weapons, unfitting armour, see invisible, speed 3
a: Renounce Religion, Berserk, Trog's Hand


You were in a bailey.
You worshipped Trog.
Trog was most pleased with you.
You visited 2 branches of the dungeon, and saw 8 of its levels.
You also visited: Bailey.

You collected 460 gold pieces.

Inventory:

Hand Weapons
 f - a +0 dagger (weapon)
Armour
 a - a scarf of resistance (worn)
 b - a +0 animal skin (worn)
 o - a +2 buckler
Jewellery
 g - a ring of magical power
 l - a ring of resist corrosion
 n - a +5 ring of evasion (right hand)
 w - a ring of poison resistance (left hand)
Wands
 t - a wand of roots (21)
 v - a wand of charming (5)
Scrolls
 h - a scroll of amnesia
 q - 5 scrolls of fog
Potions
 c - 2 potions of mutation {unknown}
 d - a potion of heal wounds
 i - 2 potions of brilliance {unknown}
 j - 3 potions of curing
 k - a potion of might
 m - a potion of cancellation {unknown}
 p - 2 potions of resistance
 r - 2 potions of magic {unknown}
 s - a potion of invisibility {unknown}


   Skills:
 + Level 5.6 Fighting
 + Level 7.3 Short Blades
 + Level 8.8 Dodging
 + Level 3.4 Shields


You had 7 spell levels left.
You didn't know any spells.
Your spell library contained the following spells:

 Spells                   Type           Power      Damage    Failure   Level
 Sandblast                Erth           0%         2d4       41%         1
 Passwall                 Tmut/Erth      0%         N/A       54%         2
 Poisonous Vapours        Pois/Air       0%         N/A       54%         2
 Mephitic Cloud           Conj/Pois/Air  0%         N/A       78%         3
 Stone Arrow              Conj/Erth      0%         3d7       78%         3
 Freezing Cloud           Conj/Ice/Air   0%         6-21      100%        5


Dungeon Overview and Level Annotations

Branches:
Dungeon (9/15)             Temple (1/1) D:5            Lair (0/5) D:9
 Bailey (1/1)
    Orc: D:9-12

Altars:
Dithmenos
Elyvilon
Fedhas
Hepliaklqana
Kikubaaqudgha
Okawaru
Qazlal
Ru
Sif Muna
Trog
Uskayaw
Vehumet
Wu Jian
Xom
Yredelemnul
Zin
The Shining One


Innate Abilities, Weirdness & Mutations

You are very small and have problems with some larger weapons.
You are too small for most types of armour.
You have supernaturally acute eyesight. (SInv)
You cover ground extremely quickly. (Speed+++)


Message History

The orc knight completely misses you.
You hit the orc warrior but do no damage.
The orc warrior is heavily wounded.
You closely miss the orc warrior.
The orc warrior is heavily wounded.
The orc warrior completely misses you. The orc knight closely misses you.
You hit the orc warrior.
The orc warrior is heavily wounded.
You hit the orc warrior but do no damage.
The orc warrior is heavily wounded.
The orc warrior hits you with a +0 halberd!
The orc knight hits you from afar with a +0 trident!!
* * * LOW HITPOINT WARNING * * *
You hit the orc warrior but do no damage.
Your punch misses the orc warrior.
The orc warrior is heavily wounded.
You puncture the orc warrior!
The orc warrior is almost dead.
The orc warrior completely misses you.
You puncture the orc warrior!
You kill the orc warrior!
Trog accepts your kill.
You feel a strong urge to attack something.
You are no longer berserk.
You are exhausted.
You feel yourself slow down.
Things that are here:
a +0 glaive; a +0 scale mail
There is an open door, spattered with blood here.
Things that are here:
a +0 trident; a +0 scale mail You close the door.
An orc knight opens the door.
Things that are here:
a +0 spear; a +0 scale mail; an orc skeleton
Items here: ))) ÷.
There is an open door here.
You start resting.
The orc knight hits you from afar with a +0 trident!
You die...

############ ###
##.∩...o....## ##..
#.....)#.....######...
#....@###..o)#))).#.)#
#∩.....8.....')).)'.)8
#....)###....#)..)#).#
#.....)#)....######..o
##.∩...))...## ##..
############ ###


You could see an orc knight.

Vanquished Creatures
  A water moccasin (D:5)
  2 black bears
  2 orc warriors (Bailey)
  2 ogres
  A sky beast (D:6)
  A phantom (D:5)
  4 bullfrogs
  3 scorpions
  2 hounds (D:6)
  An orc priest (D:6)
  Jessica (D:2)
  4 iguanas
  9 adders
  4 gnolls (D:5)
  A shadow imp (D:5)
  A worm (D:3)
  3 dart slugs
  25 orcs
  7 ball pythons
  7 bats
  9 endoplasms
  2 giant cockroaches (D:1)
  16 goblins
  9 hobgoblins
  8 jackals
  5 kobolds
  5 quokkas
  8 frilled lizards
  2 rats
145 creatures vanquished.

Vanquished Creatures (collateral kills)
  An orc warrior (Bailey)
  An orc (Bailey)
2 creatures vanquished.

Vanquished Creatures (others)
  An orc (Bailey)
1 creature vanquished.

Grand Total: 148 creatures vanquished

Notes
Turn   | Place    | Note
-------+----------+-------------------------------------------
     0 | D:1      | KristoblXynda the Spriggan Berserker began the quest for
                  | the Orb.
     0 | D:1      | Reached XP level 1. HP: 11/11 MP: 2/2
    48 | D:1      | Reached XP level 2. HP: 3/16 MP: 3/3
   487 | D:1      | Found a faded altar of an unknown god.
   578 | D:1      | HP: 1/24 [goblin/+0 dagger (4)]
   589 | D:1      | Reached XP level 3. HP: 2/19 MP: 4/4
   713 | D:1      | Reached ** piety under Trog
  1449 | D:2      | Reached skill level 5 in Dodging
  1449 | D:2      | Reached XP level 4. HP: 17/24 MP: 5/5
  1536 | D:2      | Noticed Jessica
  1541 | D:2      | Killed Jessica
  2401 | D:3      | Reached *** piety under Trog
  2445 | D:3      | Noticed a black bear
  2457 | D:3      | Killed a black bear
  2458 | D:3      | Reached XP level 5. HP: 29/29 MP: 6/6
  2708 | D:3      | Reached skill level 6 in Dodging
  3016 | D:4      | Reached skill level 5 in Short Blades
  3016 | D:4      | Reached XP level 6. HP: 22/33 MP: 7/7
  3077 | D:4      | Found a basalt altar of Yredelemnul.
  3107 | D:4      | Found a hide-covered altar of Uskayaw.
  3927 | D:5      | Entered Level 5 of the Dungeon
  4349 | D:5      | Found a staircase to the Ecumenical Temple.
  4393 | D:5      | Reached skill level 1 in Shields
  4429 | Temple   | Entered the Ecumenical Temple
  4617 | D:5      | Reached XP level 7. HP: 37/37 MP: 8/8
  4893 | D:5      | Reached skill level 7 in Dodging
  5511 | D:6      | Found an ornate altar of the Wu Jian Council.
  5617 | D:6      | Reached XP level 8. HP: 42/42 MP: 9/9
  5652 | D:6      | Found a sacrificial altar of Ru.
  5846 | D:6      | Reached skill level 5 in Fighting
  5851 | D:6      | Reached skill level 8 in Dodging
  6260 | D:6      | You fall into a shaft and drop 3 floors!
  6310 | D:9      | Found a flagged portal.
  6420 | Bailey   | Entered a bailey
  6846 | Bailey   | Noticed an orc knight
  7005 | Bailey   | Slain by an orc knight

Illustrated notes

Levels and vault maps discovered:
D:1:      saegor_arrival_simple_c, layout_basic,
          shapermc_ecumenical_altar_pompeii
D:2:      layout_basic, uniq_jessica
D:3:      layout_basic, columned_hall_lemuel, minmay_misc_feat_room
D:4:      layout_cave_pools, mainiacjoe_overflow_two_lobes,
          serial_co_window_serial, co_window_cross_1,
          co_window_of_opportunity_a, co_window_corner_a,
          co_window_of_opportunity_a, co_window_cross_1, co_window_paths_a,
          co_window_corner_a, co_window_broadway_c, co_window_broadway_b,
          co_window_corner_ca, co_window_corner_cb, co_window_paths_c,
          glass_columns_c, glass_columns_b, glass_columns_b
D:5:      layout_loops_ring, minmay_temple_entry_antechambers,
          nrook_pool_corridor, kennysheep_another_room, dk_noncrumbling_2
D:6:      kennysheep_big_flooded_room, layout_layer_cave,
          mainiacjoe_overflow_cross_hatched, old_standard_altar,
          minmay_ogre_servants
D:9:      layout_big_octagon, nicolae_gozag_cash_rules_everything_around_me,
          david_lair_generic, enter_bailey_4, ebering_ghost_gozag
Temple:   dshaligram_water_room_temple
Bailey:   bailey_polearm_5, bailey

Skill      XL: |  1  2  3  4  5  6  7  8 |
---------------+-------------------------+-----
Fighting       | 3 4 5 |  5.6
Short Blades   | 4 5 6 7 |  7.3
Dodging        | 5 6 7 8 |  8.8
Shields        | 1 2 3 |  3.4

Action                     |  1- 3 |  4- 6 |  7- 9 || total
---------------------------+-------+-------+-------++-------
  Melee: Short sword       |    79 |       |       ||    79
         Punch             |     1 |     3 |     4 ||     8
         Dagger            |   123 |   343 |   361 ||   827
 Invoke: Berserk           |     2 |     7 |    12 ||    21
         Trog's Hand       |       |     1 |       ||     1
  Evoke: Wand              |       |       |    12 ||    12
    Use: Scroll            |       |     4 |     8 ||    12
         Potion            |       |       |     3 ||     3
   Stab: Sleeping          |     4 |     3 |     1 ||     8
 Armour: Animal skin       |    16 |    24 |    10 ||    50
  Dodge: Dodged            |   188 |   267 |   346 ||   801

Table legend: (Time is in decaauts)
 A = Elapsed time spent in this place.
 B = Non-inter-level travel time spent in this place.
 C = Inter-level travel time spent in this place.
 D = Time resting spent in this place.
 E = Time spent auto-exploring this place.
 F = Levels seen in this place.
 G = Mean time per level.
                   A        B        C        D        E       F      G
               +--------+--------+--------+--------+--------+-----+--------+
         Total |   5462 |   5367 |     95 |   1993 |   2158 |   9 |  606.9 |
       Dungeon |   4903 |   4820 |     83 |   1716 |   2122 |   7 |  700.4 |
        Temple |     55 |     43 |     12 |      0 |     36 |   1 |   55.0 |
        Bailey |    503 |    503 |      0 |    277 |      0 |   1 |  503.0 |
               +--------+--------+--------+--------+--------+-----+--------+

Top non-repeatable levels by time:
     D:5: 1185 daAuts
     D:1: 824 daAuts
     D:2: 783 daAuts
     D:4: 714 daAuts
     D:6: 655 daAuts
     D:3: 604 daAuts
  Bailey: 503 daAuts
     D:9: 136 daAuts
  Temple: 55 daAuts
